 Dungeon Crawl Stone Soup version 0.31-a0-978-g1e143483b6 (webtiles) character file.

Game seed: 2254865908560127104

6501 quarry the Severer (level 10, -3/91 HPs)
             Began as a Minotaur Fighter on Oct 30, 2023.
             Was an Elder of Okawaru.
             Slain by a torpor snail (9 damage)
             ... on level 1 of the Lair of Beasts.
             The game lasted 00:36:30 (8741 turns).

quarry the Severer (Minotaur Fighter)               Turns: 8741, Time: 00:36:31

Health: -3/91      AC: 17    Str: 25    XL:     10   Next: 69%
Magic:  8/9        EV:  9    Int:  5    God:    Okawaru [****..]
Gold:   493        SH:  0    Dex: 10    Spells: 9/9 levels left

rFire   . . .        w - +2 battleaxe (venom)
rCold   . . .        (shield currently unavailable)
rNeg    . . .        i - +0 chain mail
rPois   .            (helmet restricted)
rElec   .            B - +0 cloak
rCorr   .            C - +0 pair of gloves
SInv    +            (no boots)
Will    .....        (no amulet) Stlth
                     z - +4 ring of protection
HPRegen 0.35/turn    f - ring of see invisible
MPRegen 0.11/turn

%: no passive effects
@: mighty, lethally poisoned (-3 -> -4), slowed, very slow
A: horns 2, retaliatory headbutt
a: Renounce Religion, Heroism, Finesse


You were on level 1 of the Lair of Beasts.
You worshipped Okawaru.
Okawaru was greatly pleased with you.
You visited 3 branches of the dungeon, and saw 11 of its levels.

You collected 493 gold pieces.

Inventory:

Hand Weapons
 a - a +0 war axe
 e - a +1 heavy spear
 j - a +4 morningstar
 w - a +2 battleaxe of venom (weapon)
Armour
 c - a +0 buckler
 i - a +0 chain mail (worn)
 B - a +0 cloak (worn)
 C - a +0 pair of gloves (worn)
Jewellery
 f - a ring of see invisible (right hand)
 g - a ring of ice
 s - a ring of ice
 z - a +4 ring of protection (left hand)
 A - a ring of willpower
Wands
 y - a wand of flame (22)
Scrolls
 m - a scroll of enchant weapon
 o - a scroll of vulnerability {unknown}
 q - a scroll of teleportation
 r - 2 scrolls of blinking {unknown}
 v - 4 scrolls of enchant armour {unknown}
 x - a scroll of poison {unknown}
 D - a scroll of identify
Potions
 b - a potion of enlightenment
 d - a potion of might
 h - 5 potions of mutation
 k - 2 potions of heal wounds {unknown}
 n - 2 potions of brilliance
 p - 3 potions of haste {unknown}
 t - 2 potions of attraction {unknown}
 u - a potion of ambrosia
 E - a potion of degeneration {unknown}


   Skills:
 + Level 9.1 Fighting
 - Level 16.0 Axes
 - Level 8.0 Armour
 - Level 3.7 Shields


You had 9 spell levels left.
You didn't know any spells.
Your spell library contained the following spells:

 Spells                   Type           Power      Damage    Failure   Level
 Poisonous Vapours        Pois/Air       0%         N/A       98%         2
 Mephitic Cloud           Conj/Pois/Air  0%         N/A       100%        3
 Volatile Blastmotes      Fire/Tloc      0%         2d10      100%        3
 Flame Wave               Conj/Fire      0%         2d4       100%        4
 Passage of Golubria      Tloc           0%         N/A       100%        4
 Freezing Cloud           Conj/Ice/Air   0%         6-21      100%        5
 Yara's Violent Unravell  Hex/Tmut       0%         3d3       100%        5
 Starburst                Conj/Fire      0%         6d3       100%        6
 Tukima's Dance           Hex            Unusable   N/A       N/A         3
 Animate Dead             Necr           Unusable   N/A       N/A         4

Dungeon Overview and Level Annotations

Branches:
Dungeon (9/15)             Temple (1/1) D:4            Lair (1/5) D:9
    Orc: D:9-12

Altars:
Ashenzari
Cheibriados
Dithmenos
Elyvilon
Fedhas
Gozag
Hepliaklqana
Kikubaaqudgha
Makhleb
Nemelex Xobeh
Okawaru
Qazlal
Ru
Trog
Uskayaw
Wu Jian
Xom
Yredelemnul
Zin
The Shining One

Shops:
D:2 [


Innate Abilities, Weirdness & Mutations

You have a pair of horns on your head.
You reflexively headbutt those who attack you in melee.


Message History

Okawaru accepts your kill. The orc closely misses you.
You closely miss the orc. Your headbutt misses the orc.
The orc completely misses you. The orc barely misses you.
You furiously retaliate!
You headbutt the orc!
You kill the orc!
Okawaru accepts your kill.
You closely miss the orc. The orc barely misses you.
You slice the orc!!
You kill the orc!
Okawaru accepts your kill. The wight hits you but does no damage.
You closely miss the wight. Your headbutt misses the wight.
The wight hits you with a +0 flail.
You feel drained.
You barely miss the wight. You headbutt the wight.
The wight is moderately damaged.
The wight hits you with a +0 flail.
* * * LOW HITPOINT WARNING * * *
You feel drained.
* * * LOW HITPOINT WARNING * * *
The wight hits you with a +0 flail!
* * * LOW HITPOINT WARNING * * *
You feel drained.
* * * LOW HITPOINT WARNING * * *
You are too injured to fight recklessly!
You are too injured to fight recklessly!
You are too injured to fight recklessly!
The wight hits you with a +0 flail.
* * * LOW HITPOINT WARNING * * *
You feel drained.
* * * LOW HITPOINT WARNING * * *
You are too injured to fight recklessly!
You are too injured to fight recklessly!
You are too injured to fight recklessly!
You are too injured to fight recklessly!
You are too injured to fight recklessly!
The wight hits you with a +0 flail.
* * * LOW HITPOINT WARNING * * *
You are too injured to fight recklessly!
You are too injured to fight recklessly!
The wight hits you but does no damage.
You slice the wight!!
You destroy the wight!
Okawaru accepts your kill.
Items here: ))))))))) [[[[[[ ††.
HP restored.
Found a stone staircase leading down.
A wight comes into view.
It is wielding a +3 great sword of freezing.
Found a potion of brilliance.
You slice the wight!!
You destroy the wight!
Okawaru accepts your kill.
No target in view!
No target in view!
A wight comes into view. It is wielding a +3 short sword.
Things that are here:
a +3 great sword of freezing; a +0 robe A wight is nearby!
Okay, then.
Nothing quivered!
A wight comes into view. It is wielding a +4 morningstar.
The wight hits you but does no damage.
You hit the wight.
The wight is moderately damaged.
You hit the wight but do no damage.
The wight is moderately damaged.
The wight hits you but does no damage.
You slash the wight!
You destroy the wight!
Okawaru accepts your kill.
You closely miss the wight. You headbutt the wight.
The wight is lightly damaged.
The wight hits you with a +4 morningstar.
You slice the wight!!
You destroy the wight!
Okawaru accepts your kill.
Items here: )) [[.
A wight comes into view. It is wielding a +0 long sword.
Items here: )) [[.
Items here: )) [[.
j - a +4 morningstar The wight misses you.
You see here 9 gold pieces.
You barely miss the wight. The wight hits you but does no damage.
You barely miss the wight. You slice the wight!!
You destroy the wight!
Okawaru accepts your kill.
Your Fighting skill increases to level 5!
You now have 415 gold pieces (gained 9).
A centaur comes into view.
The centaur shouts!
The centaur wields a +0 shortbow of flaming.
It bursts into flame!
The centaur shoots an arrow.
The arrow hits you. The arrow burns you.
The centaur shoots an arrow.
The arrow hits you but does no damage.
The centaur shoots an arrow.
The arrow barely misses you.
The centaur shoots an arrow.
The arrow hits you but does no damage.
The centaur shoots an arrow.
The arrow barely misses you.
You see here a potion of brilliance.
The centaur shoots an arrow.
The arrow hits you! The arrow burns you.
* * * LOW HITPOINT WARNING * * *
A jelly comes into view.
The jelly quivers.
The centaur shoots an arrow.
The arrow hits you!
* * * LOW HITPOINT WARNING * * *
The arrow burns you.
* * * LOW HITPOINT WARNING * * *
The centaur shoots an arrow.
The arrow closely misses you.
The centaur shoots an arrow.
The arrow hits you.
* * * LOW HITPOINT WARNING * * *
The arrow burns you.
* * * LOW HITPOINT WARNING * * *
The centaur shoots an arrow.
The arrow hits you!
* * * LOW HITPOINT WARNING * * *
The arrow burns you.
* * * LOW HITPOINT WARNING * * *
The centaur unwields a +0 shortbow of flaming.
It stops flaming.
The centaur hits you but does no damage.
The centaur kicks you but does no damage.
You are too injured to fight recklessly!
You are too injured to fight recklessly!
You are too injured to fight recklessly!
You are too injured to fight recklessly!
You hit the centaur.
The centaur is poisoned.
The centaur is lightly wounded.
You hit the jelly.
The jelly is poisoned.
Your hands burn!
* * * LOW HITPOINT WARNING * * *
The jelly hits you but does no damage. The centaur hits you.
* * * LOW HITPOINT WARNING * * *
The centaur kicks you but does no damage.
You barely miss the centaur. Your headbutt misses the centaur.
The centaur is lightly wounded.
You hit the jelly.
Your hands burn!
* * * LOW HITPOINT WARNING * * *
The centaur hits you.
* * * LOW HITPOINT WARNING * * *
The centaur kicks you but does no damage.
The jelly barely misses you. You furiously retaliate!
You headbutt the jelly!
You kill the jelly!
Okawaru accepts your kill.
The centaur hits you but does no damage.
The centaur closely misses you.
Your life force feels restored.
You closely miss the centaur. Your headbutt misses the centaur.
The centaur is lightly wounded.
The centaur hits you.
* * * LOW HITPOINT WARNING * * *
The centaur completely misses you.
You barely miss the centaur. You headbutt the centaur.
The centaur is lightly wounded.
The centaur closely misses you. You furiously retaliate!
You headbutt the centaur.
The centaur kicks you but does no damage.
You slice the centaur!!
You kill the centaur!
Okawaru accepts your kill.
Found a potion of curing.
Things that are here:
a +0 shortbow of flaming; a centaur corpse You start resting.
HP restored.
You start waiting.
Done waiting.
n - 2 potions of brilliance (gained 1)
Found a long sword.
l - a potion of curing
Found a robe.
A - a ring of willpower
v - 3 scrolls labelled PIGOTE PUECU (gained 1)
Found 6 boomerangs.
Found a stone staircase leading down.
v - 4 scrolls labelled PIGOTE PUECU (gained 1)
A bullfrog comes into view.
Found 4 stones.
Found a stone staircase leading up.
The bullfrog croaks.
Found two items.
A bullfrog is nearby!
The bullfrog hits you.
You barely miss the bullfrog. Your headbutt misses the bullfrog.
The bullfrog hits you.
You barely miss the bullfrog. You headbutt the bullfrog.
The bullfrog is lightly wounded.
The bullfrog hits you but does no damage.
You closely miss the bullfrog.
The bullfrog is lightly wounded.
The bullfrog hits you but does no damage. x2
You slash the bullfrog!
The bullfrog is poisoned.
Your headbutt misses the bullfrog.
The bullfrog is heavily wounded.
The bullfrog barely misses you.
You miss the bullfrog. Your headbutt misses the bullfrog.
The bullfrog is heavily wounded.
The bullfrog hits you but does no damage.
The bullfrog hits you.
You slash the bullfrog!
The bullfrog looks as sick as possible!
You headbutt the bullfrog.
You kill the bullfrog!
Okawaru accepts your kill.
No target in view!
Found a stone staircase leading down.
You see here a +0 cloak.
B - a +0 cloak
Okay, then.
You start putting on your armour.
You continue putting on your +0 cloak. x4
You finish putting on your +0 cloak.
You pick up Sif Muna's Essays on Despicable Ceremonies and Incineration and begin reading...
You add the spells Volatile Blastmotes, Flame Wave and Starburst to your library.
d - 3 potions of might (gained 1)
You now have 425 gold pieces (gained 10).
Done exploring.
Done exploring.
Search for what [Enter for "armor", or ? for help]? globe Can't find anything matching that.
Search for what [Enter for "globe", or ? for help]? glove
There is a stone staircase leading up here.
You climb upwards.
There is a stone staircase leading down here.
You see here a +0 pair of gloves.
Okay, then.
Okay, then.
Your +2 battleaxe of venom stops dripping with poison.
a - a +0 war axe (weapon)
There is a stone staircase leading down here.
You climb downwards.
There is a stone staircase leading up here.
You climb upwards.
There is a stone staircase leading down here.
Okay, then.
Okay, then.
Search for what [Enter for "glove", or ? for help]? glove You see here a +0 pair of gloves.
C - a +0 pair of gloves
Okay, then.
You start putting on your armour.
You continue putting on your +0 pair of gloves. x4
You finish putting on your +0 pair of gloves.
Your +2 battleaxe of venom begins to drip with poison!
w - a +2 battleaxe of venom (weapon)
Unknown command.
There is a stone staircase leading down here.
You climb downwards.
There is a stone staircase leading up here.
You climb upwards.
There is a stone staircase leading down here.
You climb downwards.
There is a stone staircase leading up here.
You climb upwards.
There is a stone staircase leading down here.
You climb downwards.
There is a stone staircase leading up here.
You climb upwards.
There is a stone staircase leading down here.
You climb downwards.
There is a stone staircase leading up here.
You climb upwards.
There is a stone staircase leading down here.
You climb downwards.
There is a stone staircase leading up here.
You climb upwards.
There is a stone staircase leading down here.
You climb downwards.
There is a stone staircase leading up here.
You climb upwards.
There is a stone staircase leading down here.
You climb downwards.
There is a stone staircase leading up here.
You climb upwards.
There is a stone staircase leading down here.
You climb downwards.
There is a stone staircase leading up here.
You climb upwards.
There is a stone staircase leading down here.
You climb downwards.
There is a stone staircase leading up here.
You climb upwards.
There is a stone staircase leading down here.
You climb downwards.
There is a stone staircase leading up here.
You climb upwards.
There is a stone staircase leading down here.
You climb downwards.
There is a stone staircase leading up here.
You climb upwards.
There is a stone staircase leading down here.
You climb downwards.
There is a stone staircase leading up here.
You climb upwards.
There is a stone staircase leading down here.
You climb downwards.
There is a stone staircase leading up here.
Okay, then.
You can't go down here!
Unknown command.
There's nothing to open nearby.
You can't go down here!
Things that are here:
a +0 robe; a +3 short sword; a +0 robe
There is a stone staircase leading down here.
You climb downwards.
The lava snake hisses angrily.
Found a hazy altar of Hepliaklqana.
There is a stone staircase leading up here.
The lava snake spits lava at you. The glob of lava hits you.
The lava snake spits lava at you. The glob of lava hits you.
You closely miss the lava snake. Your headbutt misses the lava snake.
The lava snake bites you but does no damage.
You miss the lava snake. You completely miss the lava snake.
The lava snake bites you but does no damage.
You closely miss the lava snake.
The lava snake bites you but does no damage.
You miss the lava snake. You headbutt the lava snake!
The lava snake is heavily wounded.
The lava snake closely misses you. You furiously retaliate!
You headbutt the lava snake. You miss the lava snake.
The lava snake is heavily wounded.
The lava snake barely misses you. You furiously retaliate!
You headbutt the lava snake!
You kill the lava snake!
Okawaru accepts your kill.
Found a scroll of identify.
Found 7 stones.
Found 5 curare-tipped darts.
There is a hazy altar of Hepliaklqana here.
HP restored.
D - a scroll of identify A wolf and a hound come into view.
The wolf howls!
The hound barks!
You hear a howl!
You hear a bark!
You hear a howl! x2
A wolf comes into view. x2; An electric eel comes into view.
A hound comes into view.
The wolf bites you but does no damage.
You miss the wolf. You headbutt the wolf!
The wolf is severely wounded.
The wolf bites you. The wolf bites you but does no damage.
You completely miss the wolf.
The wolf is severely wounded.
The wolf bites you!
A wolf comes into view.
The wolf howls!
You slash the wolf!
You kill the wolf!
Okawaru accepts your kill.
You hear a howl!
The hound bites you but does no damage.
You closely miss the hound. Your headbutt misses the hound.
The hound bites you but does no damage.
You barely miss the hound. The hound bites you but does no damage.
You slash the hound!
The hound is poisoned.
Your headbutt misses the hound.
The hound is severely wounded.
The hound bites you. x2
You hit the hound.
The hound is almost dead.
You kill the hound!
Okawaru accepts your kill. The wolf bites you but does no damage.
You slice the wolf!!
The wolf looks as sick as possible!
The wolf is almost dead.
You kill the wolf!
Okawaru accepts your kill.
Your Fighting skill increases to level 6!
No target in view!
No target in view!
A wolf is nearby!
The wolf closely misses you. You furiously retaliate!
You headbutt the wolf! The wolf bites you!
You slice the wolf!!
You kill the wolf!
Okawaru accepts your kill.
You barely miss the hound. You headbutt the hound.
The hound is moderately wounded.
The hound bites you but does no damage.
You closely miss the hound.
The hound is moderately wounded.
The hound bites you but does no damage.
You barely miss the hound.
The hound is moderately wounded.
The hound bites you but does no damage. x2
You barely miss the hound. Your headbutt misses the hound.
The hound is moderately wounded.
The hound bites you but does no damage.
You barely miss the hound. Your headbutt misses the hound.
The hound is moderately wounded.
The hound bites you but does no damage. The hound barely misses you.
You furiously retaliate!
You headbutt the hound. You closely miss the hound.
Your headbutt misses the hound.
The hound is moderately wounded.
The hound closely misses you. You furiously retaliate!
You headbutt the hound. You miss the hound.
The hound is severely wounded.
The hound bites you but does no damage.
You barely miss the hound.
The hound is severely wounded.
The hound bites you but does no damage. x2
You slice the hound!!
You kill the hound!
Okawaru accepts your kill.
No target in view!
No target in view!
No target in view!
No target in view!
No target in view!
No target in view!
No target in view!
No target in view!
You start resting.
HP restored.
Things that are here:
a hound corpse; a hound corpse; a wolf corpse The electric eel shoots out a bolt of lightning at you!
The bolt of electricity hits you.
A kobold demonologist, 2 kobold brigands and a kobold come into view.
A kobold brigand is wielding a +0 club and quivering curare-tipped darts.
A kobold brigand is wielding a +0 short sword and quivering curare-tipped darts.
The kobold demonologist shouts!
The kobold brigand shouts! x2
The kobold shouts!
A kobold comes into view. It is wielding a +0 dagger.
Press: ? - help, . - travel You can't see that place.
You closely miss the kobold brigand.
You headbutt the kobold brigand, but do no damage.
The kobold brigand hits you but does no damage.
You slash the kobold brigand!
The kobold brigand is poisoned.
The kobold brigand is severely wounded.
The kobold demonologist looks encouraged for a moment.
The kobold brigand hits you but does no damage.
You slash the kobold brigand!
You kill the kobold brigand!
Okawaru accepts your kill.
A kobold comes into view. It is wielding a +0 dagger.
Things that are here:
a +0 club; a curare-tipped dart; a kobold corpse You barely miss the kobold demonologist.
You headbutt the kobold demonologist!
The kobold demonologist is moderately wounded.
The kobold demonologist closely misses you.
You slash the kobold demonologist! You headbutt the kobold demonologist!
You kill the kobold demonologist!
Okawaru is honoured by your kill.
You slice the kobold brigand!!
The kobold brigand is poisoned.
The kobold brigand is almost dead.
You closely miss the kobold brigand.
The kobold brigand is almost dead.
The kobold brigand barely misses you. You furiously retaliate!
You headbutt the kobold brigand.
You kill the kobold brigand!
Okawaru accepts your kill. The kobold closely misses you.
Items here: ( )) [ ††.
You slice the kobold!!
You kill the kobold!
Okawaru accepts your kill.
The kobold throws a stone.
The stone closely misses you. The kobold hits you but does no damage.
Things that are here:
a +0 whip; 2 stones You slash the kobold!
You kill the kobold!
You hit the kobold.
You kill the kobold!
Items here: ( )) †.
E - a pink potion
Found a stone staircase leading down.
Found a stone staircase leading up.
You now have 428 gold pieces (gained 3).
Found a staircase to the Lair.
You now have 445 gold pieces (gained 17).
The electric eel shoots out a bolt of lightning at you!
The bolt of electricity hits you!
The electric eel shoots out a bolt of lightning at you!
The bolt of electricity hits you.
You enter the shallow water.
Moving in this stuff is going to be slow.
The electric eel shoots out a bolt of lightning at you!
The bolt of electricity misses you.
The electric eel shoots out a bolt of lightning at you!
The bolt of electricity misses you.
The electric eel shoots out a bolt of lightning at you!
The bolt of electricity hits you!
The wolf howls!
You slash the electric eel!
The electric eel is poisoned.
The electric eel is heavily wounded.
The electric eel shoots out a bolt of lightning at you!
The bolt of electricity misses you.
Your unstable footing causes you to fumble your attack.
Your unstable footing causes you to fumble your attack.
Your unstable footing causes you to fumble your attack.
You hit the electric eel.
The electric eel looks as sick as possible!
Your headbutt misses the electric eel.
The electric eel is severely wounded.
You hit the wolf.
You kill the electric eel!
Okawaru accepts your kill.
You hear a splash.
The wolf bites you but does no damage. The wolf barely misses you.
You furiously retaliate!
You headbutt the wolf!
You have reached level 10!
You closely miss the wolf.
The wolf is heavily wounded.
The wolf bites you but does no damage.
You miss the wolf. Your headbutt misses the wolf.
The wolf is heavily wounded.
The wolf bites you. x2
* * * LOW HITPOINT WARNING * * *
You hit the wolf but do no damage. Your headbutt misses the wolf.
The wolf is heavily wounded.
The wolf bites you but does no damage.
You slash the wolf!
You kill the wolf!
Okawaru accepts your kill.
Training target 7.0 for Fighting reached!
Your Fighting skill increases to level 7!
A troll comes into view.
The troll shouts!
You enter the shallow water.
Moving in this stuff is going to be slow.
You enter the shallow water.
Moving in this stuff is going to be slow.
The troll bites you.
The troll claws you but does no damage. x2
You enter the shallow water.
Moving in this stuff is going to be slow.
The troll barely misses you. You furiously retaliate!
You headbutt the troll! The troll claws you!
* * * LOW HITPOINT WARNING * * *
The troll claws you but does no damage. The troll bites you but does no damage.
The troll claws you.
* * * LOW HITPOINT WARNING * * *
The troll barely misses you.
You barely miss the troll. You headbutt the troll!
The troll is moderately wounded.
The troll barely misses you. You furiously retaliate!
You headbutt the troll! The troll claws you!
* * * LOW HITPOINT WARNING * * *
The troll claws you!
* * * LOW HITPOINT WARNING * * *
You slash the troll!
The troll is almost dead.
The troll bites you but does no damage. The troll claws you but does no damage.
The troll claws you!
* * * LOW HITPOINT WARNING * * *
You closely miss the troll.
The troll is almost dead.
The troll closely misses you.
The troll claws you but does no damage. x2
You barely miss the troll. Your headbutt misses the troll.
The troll is almost dead.
The troll bites you but does no damage. The troll claws you.
* * * LOW HITPOINT WARNING * * *
The troll claws you but does no damage.
You closely miss the troll. Your headbutt misses the troll.
The troll is severely wounded.
The troll bites you.
* * * LOW HITPOINT WARNING * * *
The troll claws you but does no damage. x2
You fail to use your ability.
The troll bites you but does no damage.
The troll claws you but does no damage. x2
You closely miss the troll.
The troll is severely wounded.
The troll barely misses you. The troll claws you!
* * * LOW HITPOINT WARNING * * *
The troll claws you but does no damage.
You closely miss the troll.
The troll is severely wounded.
The troll bites you.
* * * LOW HITPOINT WARNING * * *
The troll claws you but does no damage. x2
You feel better. The troll bites you but does no damage. The troll claws you.
* * * LOW HITPOINT WARNING * * *
The troll claws you.
* * * LOW HITPOINT WARNING * * *
You closely miss the troll.
You headbutt the troll, but do no damage.
The troll is severely wounded.
The troll bites you but does no damage. The troll claws you!
* * * LOW HITPOINT WARNING * * *
The troll barely misses you.
You slash the troll!
The troll is poisoned.
The troll is almost dead.
You barely miss the troll.
The troll is almost dead.
The troll bites you but does no damage.
The troll claws you but does no damage. x2
You closely miss the troll. You headbutt the troll.
The troll is almost dead.
You kill the troll!
Okawaru accepts your kill.
You hear a splash.
The troll leather armour is intact enough to wear.
Training target 16.0 for Axes reached!
Your Axes skill increases to level 16!
You need to enable at least one skill for training.
Your Armour skill increases to level 4!
You start resting.
A wolf comes into view.
A wolf is nearby!
The wolf howls!
The wolf pauses to sniff the water.
You are too injured to fight recklessly!
You are too injured to fight recklessly!
You are too injured to fight recklessly!
You slash the wolf!
The wolf is poisoned.
The wolf is heavily wounded.
The wolf bites you but does no damage. The wolf bites you.
* * * LOW HITPOINT WARNING * * *
You slash the wolf!
You kill the wolf!
Okawaru accepts your kill.
You enter the shallow water.
Moving in this stuff is going to be slow.
Things that are here:
a +0 troll leather armour; a troll corpse; an electric eel corpse You start resting.
HP restored.
You enter the shallow water.
Moving in this stuff is going to be slow.
Things that are here:
a +0 troll leather armour; a troll skeleton; an electric eel skeleton
There is a staircase to the Lair here.
You climb downwards.
Welcome to the Lair of Beasts!
The black mamba hisses angrily.
Found 5 poisoned darts and 14 gold pieces.
Found an escape hatch in the floor.
There is a staircase back to the Dungeon here.
You feel very mighty all of a sudden.
You turn into a tree.
Your +0 cloak melds into your body.
Your +0 pair of gloves melds into your body.
Your +0 chain mail melds into your body.
Your roots penetrate the ground.
The black mamba barely misses you.
You fail to use your ability.
The black mamba bites you but does no damage. x2
You miss the black mamba.
The black mamba bites you but does no damage.
The black mamba barely misses you.
You barely miss the black mamba.
The black mamba bites you but does no damage.
You slice the black mamba!!
The black mamba is poisoned.
The black mamba is severely wounded.
The black mamba bites you but does no damage.
The black mamba completely misses you.
You closely miss the black mamba.
The black mamba is severely wounded.
The black mamba bites you.
You slice the black mamba!!
You kill the black mamba!
Okawaru accepts your kill.
Your Armour skill increases to level 5!
You cannot move.
You start resting.
Your transformation is almost over.
HP restored.
You start resting.
You feel less wooden.
Your +0 cloak unmelds from your body.
Your +0 pair of gloves unmelds from your body.
Your +0 chain mail unmelds from your body.
You now have 459 gold pieces (gained 14).
You now have 478 gold pieces (gained 19).
You open the door.
There is an open door here.
You feel a little less mighty now.
You open the door.
There is an open door here.
As you open the door, it creaks loudly!
There is an open door here.
Found a stone staircase leading down.
Found a stone staircase leading down.
h - 5 potions of mutation (gained 2)
There is a stone staircase leading down here.
You open the door.
A water moccasin and a black mamba come into view.
The water moccasin hisses angrily.
There is an open door here.
There are monsters nearby!
You turn into a tree.
Your +0 cloak melds into your body.
Your +0 pair of gloves melds into your body.
Your +0 chain mail melds into your body.
Your roots penetrate the ground.
The black mamba bites you but does no damage.
You closely miss the black mamba.
The black mamba bites you but does no damage.
You slash the black mamba!
The black mamba is moderately wounded.
The black mamba bites you but does no damage.
The black mamba barely misses you.
You hit the black mamba.
The black mamba is moderately wounded.
The black mamba bites you but does no damage. x2
You slash the black mamba!
The black mamba is severely wounded.
The black mamba bites you but does no damage.
You barely miss the black mamba.
The black mamba is severely wounded.
The black mamba bites you but does no damage.
The black mamba barely misses you.
You slash the black mamba!
The black mamba is almost dead.
The black mamba bites you but does no damage.
You slice the black mamba!!
You kill the black mamba!
Okawaru is honoured by your kill.
You can now speed up your combat.
The water moccasin bites you but does no damage.
Your Armour skill increases to level 6!
You barely miss the water moccasin.
The water moccasin bites you but does no damage.
You barely miss the water moccasin.
The water moccasin bites you but does no damage.
You closely miss the water moccasin. The water moccasin bites you.
You barely miss the water moccasin.
The water moccasin bites you but does no damage. x2
You slash the water moccasin!
The water moccasin is heavily wounded.
The water moccasin bites you but does no damage.
You slash the water moccasin!
The water moccasin is almost dead.
The water moccasin bites you but does no damage.
You closely miss the water moccasin.
The water moccasin is almost dead.
The water moccasin barely misses you.
You miss the water moccasin.
The water moccasin is almost dead.
The water moccasin bites you but does no damage. x2
You barely miss the water moccasin.
The water moccasin is almost dead.
The water moccasin bites you but does no damage.
You slice the water moccasin!!
You kill the water moccasin!
Okawaru accepts your kill.
You cannot move.
You start resting.
Your transformation is almost over.
You feel less wooden.
Your +0 cloak unmelds from your body.
Your +0 pair of gloves unmelds from your body.
Your +0 chain mail unmelds from your body.
You start waiting.
Done waiting.
There is an open door, spattered with blood here.
You see here a black mamba corpse.
You now have 493 gold pieces (gained 15).
A bullfrog comes into view.
The bullfrog moves out of view.
Found a ring of ice.
A bullfrog comes into view.
The bullfrog croaks.
You hear a loud, deep croak!
The bullfrog hits you.
The bullfrog hits you but does no damage.
You barely miss the bullfrog. You slash the fungus!
The fungus begins to die.
You hit the bullfrog.
The bullfrog is poisoned.
The bullfrog is lightly wounded.
You hit the fungus.
The fungus is poisoned.
The bullfrog snags a nearby moth with its tongue.
The bullfrog hits you.
You slice the bullfrog!!
You kill the bullfrog!
Okawaru accepts your kill.
You slash the fungus! You slash the bullfrog!
The bullfrog hits you but does no damage.
The bullfrog closely misses you. You furiously retaliate!
You headbutt the bullfrog!
Your Armour skill increases to level 7!
A bullfrog comes into view.
The bullfrog hits you but does no damage.
A nearby fungus withers and dies.
The bullfrog hits you but does no damage. x2
The bullfrog hits you but does no damage.
You closely miss the bullfrog.
The bullfrog is almost dead.
You slice the bullfrog!!
The bullfrog looks as sick as possible!
The bullfrog hits you but does no damage. x2
You hit the bullfrog.
You kill the bullfrog!
Okawaru accepts your kill.
You closely miss the bullfrog. The bullfrog barely misses you.
The bullfrog hits you but does no damage.
You slice the bullfrog!!
You kill the bullfrog!
Okawaru accepts your kill.
HP restored.
g - a ring of ice A torpor snail and 4 yaks come into view.
The yak bellows! x4; You hear a bellow!
A bullfrog comes into view.
Being near the torpor snail leaves you feeling lethargic.
The yak moves out of view.
You hear a loud, deep croak! x2
You feel yourself speed up.
A bullfrog comes into view.
The bullfrog gives a loud, deep croak!
The bullfrog releases a deep croak.
The bullfrog barely misses you.
The bullfrog releases a deep croak.
The bullfrog hits you but does no damage.
You closely miss the bullfrog. You headbutt the bullfrog!
The bullfrog is heavily wounded.
The bullfrog hits you but does no damage.
You closely miss the bullfrog. You headbutt the bullfrog.
The bullfrog is heavily wounded.
The bullfrog hits you but does no damage. x2
You hit the bullfrog.
The bullfrog is poisoned.
The bullfrog is severely wounded.
The bullfrog hits you.
You slice the bullfrog!!
You kill the bullfrog!
Okawaru accepts your kill.
You slash the yak!
The yak looks as sick as possible!
The yak gores you but does no damage.
You barely miss the yak. You headbutt the yak.
The yak is heavily wounded.
You barely miss the yak. Your headbutt misses the yak.
The yak is heavily wounded.
The yak gores you but does no damage.
You barely miss the yak.
The yak is severely wounded.
The yak gores you.
You barely miss the yak. You headbutt the yak!
You kill the yak!
Okawaru accepts your kill.
Unknown command.
Unknown command.
What are your orders? t - Shout!
Orders for allies: a - Attack new target. r - Retreat! s - Stop attacking. g - Guard the area. f - Follow me.
Anything else - Cancel.
You shout for attention!
What are your orders? t - Shout!
Orders for allies: a - Attack new target. r - Retreat! s - Stop attacking. g - Guard the area. f - Follow me.
Anything else - Cancel.
You shout for attention!
What are your orders? t - Shout!
Orders for allies: a - Attack new target. r - Retreat! s - Stop attacking. g - Guard the area. f - Follow me.
Anything else - Cancel.
You shout for attention!
What are your orders? t - Shout!
Orders for allies: a - Attack new target. r - Retreat! s - Stop attacking. g - Guard the area. f - Follow me.
Anything else - Cancel.
You shout for attention!
What are your orders? t - Shout!
Orders for allies: a - Attack new target. r - Retreat! s - Stop attacking. g - Guard the area. f - Follow me.
Anything else - Cancel.
You shout for attention!
What are your orders? t - Shout!
Orders for allies: a - Attack new target. r - Retreat! s - Stop attacking. g - Guard the area. f - Follow me.
Anything else - Cancel.
You shout for attention!
What are your orders? t - Shout!
Orders for allies: a - Attack new target. r - Retreat! s - Stop attacking. g - Guard the area. f - Follow me.
Anything else - Cancel.
You shout for attention!
You hear a loud, deep croak!
What are your orders? t - Shout!
Orders for allies: a - Attack new target. r - Retreat! s - Stop attacking. g - Guard the area. f - Follow me.
Anything else - Cancel.
Okay, then.
The bullfrog hits you.
You slash the bullfrog!
The bullfrog is poisoned.
The bullfrog is severely wounded.
The bullfrog hits you but does no damage.
You closely miss the bullfrog.
The bullfrog is almost dead.
The bullfrog hits you but does no damage. x2
You closely miss the bullfrog.
The bullfrog is almost dead.
You kill the bullfrog!
Okawaru accepts your kill.
No target in view!
A bullfrog and a yak come into view.
The yak bellows! x2; You hear a bellow!
A cane toad comes into view.
A bullfrog comes into view.
The bullfrog croaks.
The cane toad gives a loud, deep croak!
You hear a croak.
You hit the yak but do no damage.
The yak is poisoned.
The yak closely misses you.
You slice the yak!!
The yak is heavily wounded.
The yak gores you but does no damage.
You closely miss the yak.
The yak is heavily wounded.
A cane toad comes into view.
The yak bellows!
Being near the torpor snail leaves you feeling lethargic.
The yak barely misses you. The yak gores you!
The yak gores you but does no damage.
You feel yourself speed up. The yak gores you but does no damage.
The yak attacks as it pursues you! The yak gores you!
The yak attacks as it pursues you! The yak gores you but does no damage.
The yak attacks as it pursues you! The yak closely misses you.
The yak attacks as it pursues you! The yak gores you.
The yak gores you but does no damage. The yak attacks as it pursues you!
The yak gores you but does no damage. The yak attacks as it pursues you!
The yak gores you.
* * * LOW HITPOINT WARNING * * *
The yak attacks as it pursues you! The yak gores you but does no damage.
The yak attacks as it pursues you! The yak gores you.
* * * LOW HITPOINT WARNING * * *
The yak gores you but does no damage.
Being near the torpor snail leaves you feeling lethargic.
You feel yourself speed up. The yak attacks as it pursues you!
The yak closely misses you.
Being near the torpor snail leaves you feeling lethargic.
You feel yourself speed up.
The yak looks more healthy.
The yak completely misses you. You furiously retaliate!
You headbutt the yak! The yak attacks as it pursues you!
The yak barely misses you.
You slash the yak!
The yak is poisoned.
The yak is severely wounded.
The yak gores you.
* * * LOW HITPOINT WARNING * * *
You slice the yak!!
You kill the yak!
Okawaru accepts your kill.
Training target 8.0 for Armour reached!
Your Armour skill increases to level 8!
You need to enable at least one skill for training.
You gain the combat prowess of a mighty hero.
The cane toad closely misses you. You furiously retaliate!
You headbutt the cane toad.
You feel very mighty all of a sudden. The cane toad stings you!
* * * LOW HITPOINT WARNING * * *
The cane toad barely misses you.
You completely miss the cane toad.
The cane toad is lightly wounded.
You slash the cane toad!
The cane toad is moderately wounded.
The cane toad barely misses you.
Being near the torpor snail leaves you feeling lethargic.
You slice the cane toad!! You headbutt the cane toad.
You kill the cane toad!
Okawaru accepts your kill. The cane toad stings you!
* * * LOW HITPOINT WARNING * * *
You are poisoned.
The cane toad poisons you!
You open the cane toad like a pillowcase!!!
You kill the cane toad!
Okawaru is honoured by your kill.
You feel very sick.
Your base Fighting skill increases to level 8!
You barely miss the yak.
You feel very sick. The yak gores you but does no damage.
You slash the yak!
The yak is moderately wounded.
You feel very sick. The yak gores you but does no damage.
You slash the yak!
The yak is poisoned.
The yak is severely wounded.
You feel very sick. The yak gores you but does no damage.
You slice the yak!!
You kill the yak!
Okawaru accepts your kill.
You feel sick.
You slash the yak!
You kill the yak!
Okawaru accepts your kill.
You feel like a meek peon again.
You feel sick.
Your Fighting skill increases to level 9!
You feel sick.
Items here: ††††.
You slice the torpor snail!!
The torpor snail looks as sick as possible!
The torpor snail is heavily wounded.
You slice the yak!!
The yak looks as sick as possible!
You feel sick. The yak closely misses you. The torpor snail bites you!
* * * LOW HITPOINT WARNING * * *
You slice the torpor snail!!
The torpor snail looks as sick as possible!
The torpor snail is almost dead.
You hit the yak but do no damage.
You feel sick. The yak gores you.
* * * LOW HITPOINT WARNING * * *
The torpor snail bites you!
You die...

..# #...#####...# ..##
##.+.#.# #.........# ...#
##......# #.#....w.##
..####.......## #......#
.>...##.......# #......##
..#.###......# #.......#
..#..##......########......##
...#.##........##Y#........+
..##..†.......†.@w..+......#
..#####......########.......#
### ######## #.##P#### ### ##


You could see a torpor snail (extremely poisoned) and a yak (extremely
poisoned).

Vanquished Creatures
  The ghost of jt the Tainter, a novice NaEn of Ru (D:6)
  2 black mambas (Lair:1)
  2 cane toads (Lair:1)
  A kobold demonologist (D:9)
  A troll (D:9)
  4 yaks (Lair:1)
  A water moccasin (Lair:1)
  An orc warrior (D:7)
  A sky beast (D:7)
  2 ogres
  2 centaurs
  5 wolves (D:9)
  Blork the orc (D:4)
  3 kobold brigands
  10 bullfrogs
  2 scorpions
  12 wights
  An electric eel (D:9)
  3 jellies
  A lava snake (D:9)
  8 hounds
  3 orc priests
  2 sleepcaps (D:5)
  3 iguanas (D:5)
  3 orc wizards
  7 gnolls
  15 adders
  A river rat (D:4)
  A shadow imp (D:7)
  3 white imps
  7 ufetubi
  A dart slug (D:2)
  26 orcs
  7 ball pythons
  5 endoplasms
  5 giant cockroaches
  10 goblins
  5 hobgoblins
  4 jackals
  7 quokkas
  3 bats
  4 frilled lizards
  11 kobolds
  9 rats
206 creatures vanquished.

Vanquished Creatures (others)
  An orc wizard (D:7)
1 creature vanquished.

Grand Total: 207 creatures vanquished

Notes
Turn   | Place    | Note
-------+----------+-------------------------------------------
     0 | D:1      | quarry the Minotaur Fighter began the quest for the Orb.
     0 | D:1      | Reached XP level 1. HP: 19/19 MP: 0/0
   139 | D:1      | Reached skill level 3 in Axes
   244 | D:1      | Reached XP level 2. HP: 26/26 MP: 1/1
   700 | D:2      | Found Ligett's Antique Armour Emporium.
   707 | D:2      | Reached skill level 4 in Axes
   803 | D:2      | Reached XP level 3. HP: 31/31 MP: 2/2
  1089 | D:2      | Reached skill level 5 in Axes
  1376 | D:3      | Reached XP level 4. HP: 39/39 MP: 3/3
  1650 | D:3      | Reached skill level 6 in Axes
  1936 | D:4      | Noticed an ogre
  1941 | D:4      | Killed an ogre
  1942 | D:4      | Reached skill level 7 in Axes
  1942 | D:4      | Reached XP level 5. HP: 28/45 MP: 4/4
  2424 | D:4      | Reached XP level 6. HP: 51/51 MP: 5/5
  2432 | D:4      | Found an ornate altar of the Wu Jian Council.
  2479 | D:4      | Found a staircase to the Ecumenical Temple.
  2541 | D:4      | Noticed Blork the orc
  2554 | D:4      | Killed Blork the orc
  2555 | D:4      | Reached skill level 8 in Axes
  2681 | Temple   | Entered the Ecumenical Temple
  2800 | Temple   | Became a worshipper of Warmaster Okawaru
  3127 | D:4      | Reached skill level 9 in Axes
  3328 | D:5      | Entered Level 5 of the Dungeon
  3475 | D:5      | Reached XP level 7. HP: 12/57 MP: 6/6
  3813 | D:5      | Reached skill level 10 in Axes
  3851 | D:5      | Reached * piety under Okawaru
  4173 | D:5      | Reached skill level 11 in Axes
  4465 | D:6      | Reached XP level 8. HP: 51/64 MP: 7/7
  4486 | D:6      | HP: 3/64 [gnoll/+1 heavy spear (5)]
  4808 | D:6      | Found a runed translucent door.
  4809 | D:6      | Noticed jt's ghost (novice NaEn)
  4830 | D:6      | Killed jt's ghost
  4831 | D:6      | Reached skill level 13 in Axes
  4842 | D:6      | Reached ** piety under Okawaru
  4869 | D:6      | Found a runed translucent door.
  5061 | D:6      | Found an opulent altar of Gozag.
  5118 | D:6      | Reached XP level 9. HP: 60/70 MP: 8/8
  5194 | D:6      | Reached skill level 14 in Axes
  5389 | D:7      | HP: 4/105 [something (3)]
  6218 | D:7      | Found a snail-covered altar of Cheibriados.
  6728 | D:8      | Identified the "Zoetwahi"
  6804 | D:8      | Reached skill level 15 in Axes
  6990 | D:8      | Reached *** piety under Okawaru
  6991 | D:8      | Reached skill level 5 in Fighting
  7783 | D:9      | Found a hazy altar of Hepliaklqana.
  7955 | D:9      | Noticed a kobold demonologist
  7962 | D:9      | Killed a kobold demonologist
  8055 | D:9      | Found a staircase to the Lair.
  8083 | D:9      | Reached XP level 10. HP: 66/84 MP: 9/9
  8109 | D:9      | Reached skill level 16 in Axes
  8345 | D:15     | Identified the "Dilirhoe"
  8345 | Lair:1   | Identified the of Qaom
  8345 | Lair:1   | Entered Level 1 of the Lair of Beasts
  8345 | Lair:1   | Noticed a black mamba
  8353 | Lair:1   | Killed a black mamba
  8354 | Lair:1   | Reached skill level 5 in Armour
  8457 | Lair:1   | Noticed a black mamba
  8466 | Lair:1   | Killed a black mamba
  8466 | Lair:1   | Reached **** piety under Okawaru
  8645 | Lair:1   | Noticed a torpor snail
  8704 | Lair:1   | Noticed a cane toad
  8708 | Lair:1   | Noticed a cane toad
  8732 | Lair:1   | Killed a cane toad
  8733 | Lair:1   | Killed a cane toad
  8741 | Lair:1   | Slain by a torpor snail

Illustrated notes

Levels and vault maps discovered:
D:1:      ebering_trefoil_twist, layout_loops_ring
D:2:      layout_rooms, serial_shops, shop_statue
D:3:      layout_loops_ring
D:4:      layout_gridville, pdpol_wu_jian_five_deadly_venoms,
          minmay_temple_entry_junction, serial_demonic, serial_demonic_f,
          serial_demonic_d, serial_demonic_g, serial_demonic_g,
          gup_sewer_entry_bubbles, minmay_snake_closets, uniq_blork_the_orc
D:5:      layout_basic, minivault_1
D:6:      layout_rooms, grunt_gozag_statues, ebering_ghost_sewer_f
D:7:      layout_cave_pods, cheibriados_altar_1, serial_column_ruins,
          column_ruins_open_small, column_ruins_corridor_dead_end,
          column_ruins_open_tiny, column_ruins_open_large,
          column_ruins_open_small
D:8:      layout_rooms
D:9:      layout_basic, mainiacjoe_overflow_catch_the_wave, erik_lair_island,
          minmay_circle_x
Temple:   compressed_dpeg_triangle_lava_temple
Lair:1:   layout_roguey, special_room [special_room_bee], beast_lair_carwin_11

Skill      XL: |  1  2  3  4  5  6  7  8  9 10 |
---------------+-------------------------------+-----
Axes           | 3 4 5 7 9 11 13 15 16 | 16.0
Fighting       | 6 9 |  9.1
Armour         | 8 |  8.0
Shields        | |  3.7

Action                     |  1- 3 |  4- 6 |  7- 9 | 10-12 || total
---------------------------+-------+-------+-------+-------++-------
  Melee: War axe           |    89 |   175 |   208 |       ||   472
         Headbutt          |    11 |    21 |    47 |     8 ||    87
         Battleaxe         |       |       |    79 |    72 ||   151
 Invoke: Heroism           |       |       |     2 |     1 ||     3
    Use: Scroll            |       |     2 |    10 |       ||    12
         Potion            |       |     2 |     5 |     5 ||    12
 Armour: Scale mail        |    21 |       |       |       ||    21
         Chain mail        |    34 |   123 |   237 |    87 ||   481
         Skin              |       |       |       |    25 ||    25
  Dodge: Dodged            |    28 |    58 |   120 |    25 ||   231
  Block: Buckler           |    15 |    30 |    49 |       ||    94

Table legend: (Time is in decaauts)
 A = Elapsed time spent in this place.
 B = Non-inter-level travel time spent in this place.
 C = Inter-level travel time spent in this place.
 D = Time resting spent in this place.
 E = Time spent auto-exploring this place.
 F = Levels seen in this place.
 G = Mean time per level.
                   A        B        C        D        E       F      G
               +--------+--------+--------+--------+--------+-----+--------+
         Total |   8831 |   8453 |    378 |   1928 |   4117 |  11 |  802.8 |
       Dungeon |   8310 |   7940 |    370 |   1779 |   4011 |   9 |  923.3 |
        Temple |    127 |    119 |      8 |      0 |      0 |   1 |  127.0 |
          Lair |    393 |    393 |      0 |    149 |    106 |   1 |  393.0 |
               +--------+--------+--------+--------+--------+-----+--------+

Top non-repeatable levels by time:
     D:7: 1552 daAuts
     D:4: 1377 daAuts
     D:5: 1094 daAuts
     D:8: 917 daAuts
     D:6: 893 daAuts
     D:1: 696 daAuts
     D:3: 657 daAuts
     D:9: 562 daAuts
     D:2: 558 daAuts
  Lair:1: 393 daAuts
  Temple: 127 daAuts
